 Dungeon Crawl Stone Soup version 0.27-a0-448-gace5c5693b (console) character file.

Game seed: 14741833800276978717

222 jejorda2 the Poker (level 5, 0/41 HPs)
             Began as a Merfolk Gladiator on Feb 27, 2021.
             Slain by a worm (8 damage)
             ... on level 4 of the Dungeon.
             The game lasted 00:06:12 (4314 turns).

jejorda2 the Poker (Merfolk Gladiator)              Turns: 4314, Time: 00:06:14

Health: 0/41       AC:  7    Str: 15    XL:     5   Next: 99%
Magic:  5/5        EV: 11    Int:  8    God:
Gold:   188        SH:  0    Dex: 15    Spells: 4/4 levels left

rFire    . . .     SeeInvis .   a - +0 trident
rCold    . . .     Faith    .   (no shield)
rNeg     . . .     Spirit   .   p - +0 scale mail
rPois    .         Reflect  .   c - +0 helmet
rElec    .         Harm     .   (no cloak)
rCorr    .         Rampage  .   (no gloves)
Will     .....                  (no boots)
Stlth    ..........             (no amulet)
HPRegen  0.13/turn              (no ring)
MPRegen  0.09/turn              (no ring)

@: no status effects
A: change form in water, swift swim, stealthy swim
a: no special abilities


You were on level 4 of the Dungeon.
You visited 1 branch of the dungeon, and saw 4 of its levels.

You collected 188 gold pieces.

Inventory:

Hand Weapons
 a - a +0 trident (weapon)
Missiles
 d - 3 throwing nets
 e - 14 boomerangs
 l - 138 stones
 s - 41 poisoned darts (quivered)
Armour
 c - a +0 helmet (worn)
 p - a +0 scale mail (worn)
 t - a +0 chain mail
Wands
 o - a wand of acid (8)
Scrolls
 b - 7 scrolls of identify {unknown}
 f - 2 scrolls of teleportation {unknown}
 j - a scroll of noise {unknown}
 u - a scroll of blinking {unknown}
 v - a scroll of enchant armour {unknown}
Potions
 g - 3 potions of haste {unknown}
 h - a potion of curing {unknown}
 i - 3 potions of degeneration {unknown}
 k - a potion of brilliance {unknown}
 m - 2 potions of attraction {unknown}
 n - a potion of resistance {unknown}
 q - a potion of flight {unknown}
 r - a potion of lignification {unknown}
 w - a potion of ambrosia {unknown}


   Skills:
 + Level 3.6 Fighting
 * Level 7.1 Polearms
 - Level 2.0 Throwing
 + Level 1.6 Armour
 - Level 4.0 Dodging
 + Level 1.4 Evocations


You had 4 spell levels left.
You didn't know any spells.
Your spell library was empty.

Dungeon Overview and Level Annotations

Branches:
Dungeon (4/15)
 Temple: D:4-7

Altars:
Nemelex Xobeh
Sif Muna
Trog
Wu Jian


Message History

The orc priest completely misses you.
You closely miss the orc priest.
The orc priest is heavily wounded.
The worm looks more healthy.
The orc priest hits you with a +0 dagger.
You hit the orc priest but do no damage.
The orc priest is heavily wounded.
You hit the orc priest but do no damage.
The orc priest is heavily wounded.
The orc priest hits you with a +0 dagger.
You barely miss the orc priest.
The orc priest is severely wounded.
The orc priest invokes the aid of Beogh against you.
You barely resist.
You hit the orc priest but do no damage.
The orc priest is severely wounded.
The orc priest mumbles some strange prayers to Beogh against you.
Beogh smites you!
You reach to attack!
You hit the worm.
The worm is lightly wounded.
The orc priest invokes the aid of Beogh against you.
Beogh smites you!
* * * LOW HITPOINT WARNING * * *
You are too injured to fight recklessly!
You are too injured to fight recklessly!
You are too injured to fight recklessly!
You are too injured to fight recklessly!
Throw: 42 darts (poison)
Press: ? - help, Q - select action, (/) - cycle Shift-Dir - straight line, f/p - worm
Aim: a worm (79% to hit)
You throw a poisoned dart. The poisoned dart hits the worm.
You puncture the worm!
The worm is heavily wounded.
Reach: a) +0 trident
Press: ? - help, Dir - move target, f - orc priest, p - worm
Aim: an orc priest, wielding a +0 dagger and wearing a +0 ring mail (almost dead, about 35% to evade your +0 trident)
You reach to attack!
You puncture the orc priest!
You kill the orc priest!
The worm bites you!
You die...

.#....# #....# #.# ......# #...(#
#.# .#....# #.(..# #.#
.#....#######+###(.## #.#
...................## #.#
.............o.....>#####.#######
..<..............................
...........##.####..#####.....##.
...........##.)w@...# #..##.##.
...........##.####..# #..##.##.
...........##.# #..#####..##....
...........##.####.........##.##.
.................................
...........##.####..####.#.##.##.
...#[#####.##.# #..# #.#.##.##.
...#)# #.##.# #..# #.#.##.##.
...#.# #.##.# #..# #.#.##.##.


You could see a worm.

Vanquished Creatures
  A hound (D:4)
  An orc priest (D:4)
  A worker ant (D:3)
  6 adders
  2 worms
  A dart slug (D:3)
  3 leopard geckos
  12 orcs
  2 bats
  6 giant cockroaches
  8 goblins
  6 hobgoblins
  8 kobolds
  3 quokkas
  2 ball pythons
  3 frilled lizards
  6 rats
  A bush (D:2)
72 creatures vanquished.

Vanquished Creatures (others)
  An orc wizard (D:4)
  2 plants (D:2)
3 creatures vanquished.

Grand Total: 75 creatures vanquished

Notes
Turn   | Place    | Note
-------+----------+-------------------------------------------
     0 | D:1      | jejorda2 the Merfolk Gladiator began the quest for the Orb.
     0 | D:1      | Reached XP level 1. HP: 16/16 MP: 1/1
   195 | D:1      | Reached XP level 2. HP: 21/23 MP: 2/2
   229 | D:1      | Reached skill level 5 in Polearms
   996 | D:2      | Reached XP level 3. HP: 21/28 MP: 3/3
  1242 | D:2      | Found a shimmering blue altar of Sif Muna.
  1406 | D:2      | Found a bloodstained altar of Trog.
  1429 | D:2      | Reached XP level 4. HP: 33/34 MP: 4/4
  1447 | D:2      | Reached skill level 6 in Polearms
  1573 | D:2      | Reached skill level 1 in Armour
  1791 | D:2      | Found an ornate altar of the Wu Jian Council.
  2775 | D:3      | Found a sparkling altar of Nemelex Xobeh.
  3530 | D:4      | Reached XP level 5. HP: 40/41 MP: 5/5
  3576 | D:4      | Reached skill level 1 in Evocations
  3577 | D:4      | HP: 1/41 [orc/+0 mace (3)]
  4129 | D:4      | Reached skill level 7 in Polearms
  4314 | D:4      | Slain by a worm

Illustrated notes

Levels and vault maps discovered:
D:1:      minmay_arrival_five_plusses, layout_basic, kennysheep_crisscross
D:2:      layout_loops_ring, lemuel_crystal_altar, nzn_wu_jian_council_hall,
          lemuel_doored_altar, serial_forest, infiniplex_forest_lined_room_2,
          infiniplex_forest_clump_medium, infiniplex_forest_end_2,
          infiniplex_forest_end_3, infiniplex_forest_end_2,
          infiniplex_forest_straight_3
D:3:      layout_loops_corners, nemelex_xobeh_ov_fountains_minmay,
          serial_co_window_serial, co_window_of_opportunity_a,
          co_window_cross_1, co_window_paths_a, co_window_corner_a,
          co_window_paths_b, co_window_cross_2, co_window_corner_ca,
          co_window_unsneaky_path_b, co_window_2corner, co_window_corner_b,
          glass_columns_a
D:4:      layout_basic

Skill      XL: |  1  2  3  4  5 |
---------------+----------------+-----
Polearms       | 5 6 7 |  7.1
Fighting       | 3 |  3.6
Armour         | 1 |  1.6
Evocations     | 1 |  1.4
Throwing       | |  2.0
Dodging        | |  4.0

Action                   |  1- 3 |  4- 6 || total
-------------------------+-------+-------++-------
Melee: Trident           |   241 |   204 ||   445
Throw: Dart              |       |    12 ||    12
       Throwing net      |       |     1 ||     1
 Stab: Sleeping          |     1 |       ||     1
Armor: Ring mail         |    28 |     8 ||    36
       Scale mail        |       |    46 ||    46
Dodge: Dodged            |    53 |    84 ||   137

Table legend: (Time is in decaauts)
 A = Elapsed time spent in this place.
 B = Non-inter-level travel time spent in this place.
 C = Inter-level travel time spent in this place.
 D = Time resting spent in this place.
 E = Time spent auto-exploring this place.
 F = Levels seen in this place.
 G = Mean time per level.
                   A        B        C        D        E       F      G
               +--------+--------+--------+--------+--------+-----+--------+
         Total |   4317 |   4152 |    165 |      0 |   3389 |   4 | 1079.2 |
       Dungeon |   4317 |   4152 |    165 |      0 |   3389 |   4 | 1079.2 |
               +--------+--------+--------+--------+--------+-----+--------+

Top non-repeatable levels by time:
     D:3: 1746 daAuts
     D:2: 1471 daAuts
     D:1: 680 daAuts
     D:4: 419 daAuts
